 Dungeon Crawl Stone Soup version 0.31.0-32-g396128a36d (webtiles) character file.

Game seed: 7233230505397544718

7 PriceMaster the Conjurer (level 2, 0/17 HPs)
             Began as an Octopode Conjurer on Apr 25, 2024.
             Slain by a ribbon worm (6 damage)
             ... on level 2 of the Dungeon.
             The game lasted 00:00:19 (245 turns).

PriceMaster the Conjurer (Octopode Conjurer)         Turns: 245, Time: 00:00:20

Health: 0/17       AC:  1    Str:  6    XL:     2   Next: 0%
Magic:  1/5        EV: 13    Int: 20    God:
Gold:   0          SH:  0    Dex: 10    Spells: 4/5 levels left

rFire   . . .        (no weapon)
rCold   . . .        (no shield)
rNeg    . . .        (helmet restricted)
rPois   .            (no amulet)
rElec   .            (no ring)
rCorr   .            (no ring)
SInv    .            (no ring)
Will    .....        (no ring)
Stlth   +++          (no ring)
HPRegen 0.22/turn    (no ring)
MPRegen 0.09/turn    (no ring)
                     (no ring)

%: no passive effects
@: no status effects
A: almost no armour, amphibious, 8 rings, camouflage 1, gelatinous body 1,
(nimble swimmer 1), tentacles
a: no special abilities


You were on level 2 of the Dungeon.
You visited 1 branch of the dungeon, and saw 2 of its levels.

Inventory:

Scrolls
 b - a scroll of immolation {unknown}
Potions
 a - a potion of magic


   Skills:
 + Level 2.0 Dodging
 + Level 2.8 Stealth
 + Level 2.1 Spellcasting
 + Level 4.2 Conjurations


You had 4 spell levels left.
You knew the following spells:

 Your Spells              Type           Power      Damage    Failure   Level
a - Magic Dart            Conj           76%        1d6       2%          1

Your spell library contained the following spells:

 Spells                   Type           Power      Damage    Failure   Level
 Searing Ray              Conj           38%        2d5       4%          2
 Fulminant Prism          Conj/Alch      5%         3d7       54%         4
 Iskenderun's Mystic Bla  Conj/Tloc      10%        2d4       54%         4


Dungeon Overview and Level Annotations

Branches:
Dungeon (1/15)

Altars:


Innate Abilities, Weirdness & Mutations

You cannot wear most types of armour.
You are amphibious.
You can wear up to eight rings at the same time.
Your skin changes colour to match your surroundings (Stealth+).
Your rubbery body absorbs attacks. (AC +1, EV +1)
((You are camouflaged when in or above water. (Stealth+)))
You have tentacles for arms and can constrict up to eight enemies at once.


Message History

The magic dart hits the ribbon worm.
The ribbon worm is lightly wounded.
You are out of magic!
You are out of magic!
No target in view!
You start resting.
A ribbon worm is nearby!
A ribbon worm is nearby!
The magic dart hits the ribbon worm.
The ribbon worm is lightly wounded.
You barely miss the ribbon worm. Your grab misses the ribbon worm.
You squeeze the ribbon worm, but do no damage.
The ribbon worm is lightly wounded.
The ribbon worm barely misses you.
You tentacle-slap the ribbon worm. You grab the ribbon worm.
Your squeeze misses the ribbon worm.
The ribbon worm is lightly wounded.
You constrict the ribbon worm, but do no damage.
The ribbon worm bites you.
You tentacle-slap the ribbon worm but do no damage.
You constrict the ribbon worm.
The ribbon worm expels a string of sticky webbing.
The stream of webbing hits you but does no damage.
You are caught in a web!
The web tears apart.
You constrict the ribbon worm. The ribbon worm misses you.
You tentacle-slap the ribbon worm but do no damage.
You squeeze the ribbon worm.
The ribbon worm is lightly wounded.
You constrict the ribbon worm.
You tentacle-slap the ribbon worm but do no damage.
You squeeze the ribbon worm.
The ribbon worm is moderately wounded.
You constrict the ribbon worm. The ribbon worm bites you.
You tentacle-slap the ribbon worm.
The ribbon worm is heavily wounded.
You constrict the ribbon worm. The ribbon worm bites you.
You tentacle-slap the ribbon worm.
The ribbon worm is heavily wounded.
You constrict the ribbon worm. The ribbon worm bites you.
You die...

#.# #.# #.# ###
#.#############
######.#####.#............
.......#...........w......
.......#.###.##........... #
#....##w.##.##.##.....
#.####..####@.##.##........
...........................
##.......####..##.##.##.....
. ...........#.......†.
..... ..
#..#.#........##.##.. ###.
...##..#.#..####..##.#...
#.##.†#.#..####..# ....
.................#
##.#..##.#..#####.#


You could see a ribbon worm.

Vanquished Creatures
  A dart slug (D:2)
  An endoplasm (D:2)
  A goblin (D:2)
  A ball python (D:2)
  A rat (D:1)
5 creatures vanquished.

Notes
Turn   | Place    | Note
-------+----------+-------------------------------------------
     0 | D:1      | PriceMaster the Octopode Conjurer began the quest for the
                  | Orb.
     0 | D:1      | Reached XP level 1. HP: 11/11 MP: 3/3
    45 | D:1      | You fall into a shaft and drop 1 floor!
   209 | D:2      | Reached XP level 2. HP: 17/17 MP: 0/5
   245 | D:2      | Slain by a ribbon worm

Illustrated notes

Levels and vault maps discovered:
D:1:      elethiomel_arrival_quiet, layout_loops_ring,
          chequers_serial_rivers_micro_e
D:2:      layout_basic, minmay_tetromino_t2

Action                     || total
---------------------------++-------
  Melee: Unarmed           ||     8
         Tentacles         ||     3
         Constrict         ||     1
   Cast: Magic Dart        ||    11
 Armour: Skin              ||     4
  Dodge: Dodged            ||     2
